 Dungeon Crawl Stone Soup version 0.22-a0-533-g4d20840 (webtiles) character file.

226 opiumtea the Skirmisher (level 6, -4/58 HPs)
             Began as a Hill Orc Monk on June 22, 2018.
             Was a Believer of Beogh.
             Killed from afar by an orc wizard (8 damage)
             ... with a puff of flame
             ... on level 4 of the Dungeon.
             The game lasted 00:17:23 (4757 turns).

opiumtea the Skirmisher (Hill Orc Monk)             Turns: 4757, Time: 00:17:23

Health: -4/58      AC:  5    Str: 14    XL:     6   Next: 1%
Magic:  3/6        EV: 10    Int: 10    God:    Beogh [**....]
Gold:   214        SH:  5    Dex: 15    Spells: 5/5 levels left

rFire    . . .     SeeInvis .   a - +0 hand axe
rCold    . . .     Gourm    .   q - +0 buckler
rNeg     + . .     Faith    .   j - +0 ring mail
rPois    .         Spirit   .   (no helmet)
rElec    .         Reflect  +   (no cloak)
rCorr    .         Harm     .   (no gloves)
MR       .....                  (no boots)
Stlth    +.........             m - +2 amulet of reflection
HPRegen  0.19/turn              (no ring)
MPRegen  0.10/turn              s - ring of positive energy

@: no status effects
A: no striking features
a: Smiting, Renounce Religion


You were on level 4 of the Dungeon.
You worshipped Beogh.
Beogh was pleased with you.
You were very hungry.

You visited 1 branch of the dungeon, and saw 4 of its levels.

You collected 214 gold pieces.

Inventory:

Hand Weapons
 a - a +0 hand axe (weapon)
Missiles
 g - 58 stones (quivered)
Armour
 b - a +0 robe
 j - a +0 ring mail (worn)
 o - a +0 chain mail
 q - a +0 buckler (worn)
Jewellery
 k - an uncursed ring of ice
 m - a +2 amulet of reflection (around neck)
 s - a ring of positive energy (right hand)
Wands
 r - a wand of digging (12)
Scrolls
 f - 4 scrolls of remove curse
 h - a scroll of teleportation
 l - a scroll of amnesia {unknown}
 u - 2 scrolls of immolation {unknown}
Potions
 d - 2 potions of curing
 e - a potion of mutation
 n - a potion of brilliance {unknown}
 p - a potion of ambrosia {unknown}
Comestibles
 c - 11 rations


   Skills:
 + Level 6.5 Fighting
 - Level 6.1 Axes
 - Level 2.4 Dodging
 - Level 1.5 Stealth


You had 5 spell levels left.
You didn't know any spells.
Your spell library was empty.

Dungeon Overview and Level Annotations

Branches:
Dungeon (4/15)
 Temple: D:4-7

Altars:
Cheibriados
Fedhas

Annotations:
D:2 exclusion: oklob plant


Message History

Pain shoots through your body!
* * * LOW HITPOINT WARNING * * *
A magic dart appears from out of thin air!
The magic dart hits you!
* * * LOW HITPOINT WARNING * * *
You fail to use your ability.
Aiming: Smiting
Press: ? - help, Dir - move target cursor, f - orc priest Smite: an orc priest, wielding a trident and wearing a chain mail (heavily wounded)
You smite the orc priest!
You kill the orc priest!
Beogh accepts your kill.
Beogh appreciates your killing of a heretic priest.
You have reached level 6!
Your experience leads to an increase in your attributes!
Increase (S)trength, (I)ntelligence, or (D)exterity?
You feel agile.
A puff of flame appears from out of thin air!
The puff of flame hits you!
You die...

#.. ...#.####.#####.. #.##
#.# #.#####... #..## #.#
##......... ####.<# #.#
#....###### ......# #.#
#....# ......###.# #....#
.......##.###....#
.................#
.....#..#.###..#@#
.....##.#.# #..#.#
.....##...# #..#.#
.....#....# #..#.#######.#
.)...##..####).#..)[.....#
.....##........#.###.....#
.######....................
.....####.###..#.###.###...
.###.# #..##..#.# .# #.


There were no monsters in sight!

Vanquished Creatures
  An orc priest (D:4)
  Ijyb (D:3)
  A worker ant (D:3)
  A howler monkey skeleton (D:4)
  6 adders
  An ooze (D:3)
  4 dart slugs
  2 leopard geckos
  8 orcs
  5 giant cockroaches
  6 goblins
  6 hobgoblins
  2 ball pythons
  8 bats
  4 frilled lizards
  7 kobolds
  5 rats
68 creatures vanquished.

Vanquished Creatures (others)
  An orc priest (D:3)
1 creature vanquished.

Grand Total: 69 creatures vanquished

Notes
Turn   | Place    | Note
-------+----------+-------------------------------------------
     0 | D:1      | opiumtea the Hill Orc Monk began the quest for the Orb.
     0 | D:1      | Reached XP level 1. HP: 19/19 MP: 1/1
   709 | D:1      | Reached XP level 2. HP: 23/27 MP: 2/2
  1143 | D:1      | Reached XP level 3. HP: 31/34 MP: 3/3
  1571 | D:2      | Reached skill level 5 in Axes
  1609 | D:2      | Gained mutation: Your spells are a little easier to cast, but a little less powerful. [potion of mutation]
  1609 | D:2      | Lost mutation: Your spells are a little easier to cast, but a little less powerful. [potion of mutation]
  1823 | D:2      | Reached XP level 4. HP: 39/41 MP: 4/4
  2066 | D:2      | Reached skill level 5 in Fighting
  2319 | D:2      | Found a blossoming altar of Fedhas.
  2330 | D:2      | Noticed an oklob plant
  2995 | D:3      | Noticed Ijyb
  3067 | D:3      | Killed Ijyb
  3067 | D:3      | Reached XP level 5. HP: 46/48 MP: 5/5
  3260 | D:3      | Found a snail-covered altar of Cheibriados.
  3860 | D:3      | Became a worshipper of Beogh the Brigand
  3860 | D:3      | Reached * piety under Beogh
  3860 | D:3      | Reached ** piety under Beogh
  4754 | D:4      | Reached XP level 6. HP: 4/58 MP: 6/6
  4757 | D:4      | Killed from afar by an orc wizard

Vault maps used:
D:1:      dpeg_arrival_boxorama, serial_corexii_hall, corexii_hall_statues_t,
          corexii_hall_statues_i, minmay_misc_feat_five
D:2:      tgw_fedhas, first_ration, kennysheep_generic_room_7
D:3:      kennysheep_slug_shrine, uniq_ijyb

Skill      XL: |  1  2  3  4  5 |
---------------+----------------+-----
Fighting       | 4 5 6 |  6.5
Axes           | 5 6 |  6.1
Dodging        | |  2.4
Stealth        | |  1.5

Action                   |  1- 3 |  4- 6 || total
-------------------------+-------+-------++-------
Melee: Hand axe          |   139 |   199 ||   338
Throw: Stone             |       |     8 ||     8
Invok: Convert to Beogh  |       |     1 ||     1
       Smiting           |       |     1 ||     1
  Use: Scroll            |     7 |       ||     7
       Potion            |     2 |     3 ||     5
 Stab: Sleeping          |     1 |     1 ||     2
  Eat: Chunk             |     3 |     8 ||    11
Armor: Robe              |     9 |       ||     9
       Ring mail         |    36 |    73 ||   109
Dodge: Dodged            |    70 |    99 ||   169
Block: Buckler           |       |    42 ||    42
       Other             |       |     1 ||     1

Table legend:
 A = Spawn XP
 B = Non-spawn XP
 C = Spawn XP percentage of total XP
 D = Spawn monster count
 E = Non-spawn monster count
 F = Spawn count percentage of total count
 G = Total turns spent on level
                    A         B        C        D         E        F      G
               +---------+---------+-------+---------+---------+-------+---------
         Total |       0 |     324 |   0.0 |       0 |      68 |   0.0 |  4757
               +---------+---------+-------+---------+---------+-------+---------
           D:1 |       0 |      39 |   0.0 |       0 |      21 |   0.0 |  1495
           D:2 |       0 |      93 |   0.0 |       0 |      21 |   0.0 |  1426
           D:3 |       0 |     127 |   0.0 |       0 |      21 |   0.0 |  1647
           D:4 |       0 |      65 |   0.0 |       0 |       5 |   0.0 |   189
               +---------+---------+-------+---------+---------+-------+---------
